[Event "GER-ch Youth-U14 2022"]
[Site "Willingen"]
[Date "2022.06.11"]
[Round "9.11"]
[White "Deschler, Arne"]
[Black "Luebke, Florentin"]
[Result "1/2-1/2"]
[ECO "B35"]
[WhiteElo "1646"]
[BlackElo "1613"]
[Annotator "NA RC COMBH"]
[PlyCount "117"]
[EventDate "2022.06.05"]
[EventType "swiss"]
[EventRounds "9"]
[EventCountry "GER"]
[SourceTitle "playchess.com"]
[Source "ChessBase"]
[SourceQuality "1"]
[TimeControl "40/4500+30:900+30"]

1. e4 c5 2. Nf3 g6 3. d4 cxd4 4. Nxd4 Nc6 5. Be3 Bg7 6. Nc3 Nf6 7. Bc4 O-O 8. O-O d6 9. h3 a6 10. Bb3 Bd7 11. Re1 b5 12. Nf3 Rc8 13. Nd5 Nxd5 14. exd5 Ne5 15. Nxe5 Bxe5 16. Bd4 f6 17. c3 Qc7 18. Be3 f5 19. f4 Bf6 20. Bd4 Bxd4+ 21. Qxd4 Rfe8 22. Re3 Qc5 23. Qd2 a5 24. a3 a4 25. Bc2 e5 26. dxe6 Rxe6 27. Rae1 Rce8 28. Kf2 Bc6 29. g3 Be4 30. Bxe4 Rxe4 31. Kf3 d5 32. Qd3 Qc4 33. Qd1 Kf7 34. R1e2 R8e6 35. Kf2 Qc5 36. Qd3 Ke7 37. Qd4 Kd6 38. Qd3 Kc7 39. Qd2 h6 40. h4 Qc4 41. Qd1 Kc6 42. Qd2 Kc5 43. Re1 Kc6 44. Qc1 Qc5 45. Qd2 Rxe3 46. Rxe3 Qxe3+ 47. Qxe3 Rxe3 48. Kxe3 Kc5 49. Kd3 h5 50. Kd2 Kc4 51. Kc2 d4 52. cxd4 Kxd4 53. Kd2 Kc4 54. Kc2 b4 55. axb4 Kxb4 56. Kd2 Kb3 57. Kc1 Kc4 58. Kc2 Kb4 59. Kd2 1/2-1/2

[Event "GER-ch Youth-U14 2022"]
[Site "Willingen"]
[Date "2022.06.11"]
[Round "9.12"]
[White "Kempe, Caius Emilian"]
[Black "Schwan, Aaron"]
[Result "1/2-1/2"]
[ECO "D31"]
[WhiteElo "1973"]
[BlackElo "1671"]
[Annotator "TA"]
[PlyCount "163"]
[EventDate "2022.06.05"]
[EventType "swiss"]
[EventRounds "9"]
[EventCountry "GER"]
[SourceTitle "playchess.com"]
[Source "ChessBase"]
[SourceQuality "1"]
[TimeControl "40/4500+30:900+30"]

1. d4 d5 2. c4 e6 3. Nc3 c6 4. cxd5 exd5 5. Nf3 Nf6 6. Bg5 Be7 7. Qc2 g6 8. e4 dxe4 9. Bxf6 Bxf6 10. Qxe4+ Qe7 (10... Kf8 {feels hotter.} 11. Bc4 Bf5 12. Qf4 Qe7+) 11. O-O-O {[%emt 0:00:00] D36: Queen's Gambit Declined: Exchange Variation: Main line (5 Bg5 c6 6 Qc2).} O-O 12. Qxe7 Bxe7 13. Bc4 {[%emt 0:00:00] [#] Black has an edge.} Bf5 $146 ({Predecessor:} 13... Bg4 14. Rde1 Bb4 15. Ne5 Bc8 16. Nxf7 Rxf7 17. Re8+ Kg7 18. Rxc8 {1-0 (18) Poghosyan,S (2275)-Coe,W (2078) Chess.com INT 2020}) 14. Rhe1 Bf6 15. h3 h5 {[%emt 0:02:28] Prevents g4.} 16. Ne4 (16. Rg1 $5 ) 16... Bxe4 17. Rxe4 Nd7 18. d5 cxd5 19. Bxd5 Nc5 20. Rc4 Rac8 21. Kb1 b5 22. Rf4 Kg7 23. g4 $1 hxg4 24. hxg4 Na4 25. g5 Bxb2 26. Rxa4 {[%emt 0:00:35][%mdl 64] [#] Remove Defender} bxa4 27. Kxb2 Rfd8 28. Rd3 $1 a3+ 29. Kb3 ({But not} 29. Kxa3 $2 Rc5 30. Kb3 Rdxd5 $19) 29... Rc5 30. Bc4 ({Wrong is} 30. Be4 $2 Rb8+ 31. Ka4 Rc4+ 32. Kxa3 Rxe4 $19) 30... Rb8+ 31. Kc3 Rbc8 32. Nd2 Rxg5 33. Rd7 Rf5 34. f3 Kh6 35. Rxa7 Rf4 36. Rxa3 f5 37. Ra4 g5 38. Kd3 Rd8+ 39. Ke3 Rfd4 (39... Re8+ $11 40. Kf2 Rd8) 40. Nb3 $1 $14 R4d6 41. Nc1 Rd2 (41... Re8+ $14 42. Kf2 g4) 42. Ra6+ Kh5 43. Ne2 {[%emt 0:01:59] Bf7+ would kill now.} f4+ 44. Kf2 {[%emt 0:00:15] White threatens Bf7+ and mate.} R2d6 45. Ra5 Kg6 46. a4 Rh8 {[#]} ({Black should play} 46... Rd1 $1 $14) 47. Re5 (47. Bd5 $1 $16) 47... Rd1 $11 {[%emt 0:00:00][%cal Rh8h2] The position is equal.} 48. Kg2 {[%emt 0:00:00] Inhibits Rh2+.} Rdh1 49. Re6+ Kg7 50. Re7+ Kf8 51. Rf7+ Ke8 52. Nxf4 $1 {[%emt 0:00:00] Ng6 is the strong threat.} R8h2+ 53. Kg3 {[%emt 0:00:00] Threatens to win with Ng6.} gxf4+ (53... Rc2 {looks sharper.} 54. Be6 Rg1+ 55. Kh3 gxf4 56. Rxf4 Ke7) 54. Rxf4 {[%emt 0:00:00][%mdl 4096] Endgame KRR-KRB} Rh3+ 55. Kf2 Rc1 56. Re4+ Kd8 57. Rd4+ Kc7 58. Bd5 Kb6 59. Rc4 Rd1 60. Be4 Rh8 61. Bc6 Rd6 {[%emt 0:00:00][%mdl 1024] Black has compensation.} 62. Bb5 Rf8 63. f4 Rf5 64. Kf3 Rdf6 65. Kg4 Rd5 66. Rc2 Rg6+ 67. Kf3 Rf6 68. Rf2 Kc7 69. Ke4 Kd6 70. Rc2 Re6+ 71. Kf3 {[%emt 0:00:05] And now Rc6+ would win.} Re1 72. Rc8 Ra1 73. Rd8+ Kc5 74. Rf8 Kd6 75. Bc4 Rc5 76. Bb5 Ke7 77. Re8+ Kf7 {[%emt 0:00:04][%cal Oc5b5] Hoping for ...Rxb5!} 78. Re3 Kf6 79. Ke4 Rd1 80. Bd3 Ra5 81. Bb5 Ra7 82. Kf3 {[%emt 0:01:23] Weighted Error Value: White=0.09 (flawless) /Black=0.09 (flawless)} 1/2-1/2

[Event "GER-ch Youth-U14 2022"]
[Site "Willingen"]
[Date "2022.06.11"]
[Round "9.13"]
[White "Sauer, Tim"]
[Black "Mader, Fabian"]
[Result "1-0"]
[ECO "B33"]
[WhiteElo "1769"]
[BlackElo "1652"]
[Annotator "NA RC COMBH"]
[PlyCount "73"]
[EventDate "2022.06.05"]
[EventType "swiss"]
[EventRounds "9"]
[EventCountry "GER"]
[SourceTitle "playchess.com"]
[Source "ChessBase"]
[SourceQuality "1"]
[TimeControl "40/4500+30:900+30"]

1. e4 c5 2. Nf3 Nc6 3. d4 cxd4 4. Nxd4 Nf6 5. Nc3 e5 6. Ndb5 d6 7. Bg5 a6 8. Na3 b5 9. Bxf6 gxf6 10. Nd5 f5 11. Bd3 Be6 12. c3 Rg8 13. g3 Bg7 14. Nxb5 Bxd5 15. exd5 Ne7 16. Na3 Qa5 17. Bc4 e4 18. Qb3 f6 19. Nc2 Kf7 20. Qb4 Qc7 21. Qa4 Rgb8 22. Bb3 Ng6 23. Nd4 Ne5 24. Rd1 Nd3+ 25. Rxd3 exd3 26. Kd2 Qc5 27. Re1 Rb7 28. Kxd3 Rab8 29. Re2 Bf8 30. Qxa6 Rxb3 31. axb3 Qxd5 32. Qc4 Qxc4+ 33. Kxc4 Rc8+ 34. Kb5 d5 35. Nxf5 Rb8+ 36. Kc6 Rxb3 37. Nd4 1-0

[Event "GER-ch Youth-U14 2022"]
[Site "Willingen"]
[Date "2022.06.11"]
[Round "9.14"]
[White "Winkler, Yonathan"]
[Black "Jahnz, Laurin"]
[Result "1/2-1/2"]
[ECO "B10"]
[WhiteElo "1699"]
[BlackElo "1681"]
[Annotator "NA RC COMBH"]
[PlyCount "44"]
[EventDate "2022.06.05"]
[EventType "swiss"]
[EventRounds "9"]
[EventCountry "GER"]
[SourceTitle "playchess.com"]
[Source "ChessBase"]
[SourceQuality "1"]
[TimeControl "40/4500+30:900+30"]

1. e4 c6 2. Nf3 d5 3. Nc3 dxe4 4. Nxe4 Nf6 5. Qe2 Nxe4 6. Qxe4 Qd5 7. Qxd5 cxd5 8. d4 Nc6 9. c3 g6 10. Bd3 Bg7 11. O-O O-O 12. h3 f6 13. Bc2 Be6 14. Re1 Bf7 15. Bb3 b5 16. Bf4 Rfe8 17. Bg3 a5 18. a3 a4 19. Ba2 Na5 20. Re2 Nc4 21. Rae1 Bf8 22. Nh2 Kg7 1/2-1/2

[Event "GER-ch Youth-U14 2022"]
[Site "Willingen"]
[Date "2022.06.11"]
[Round "9.15"]
[White "Uhlmann, Tim"]
[Black "Kieselbach, Jannik"]
[Result "1/2-1/2"]
[ECO "B54"]
[WhiteElo "1776"]
[BlackElo "1631"]
[Annotator "NA RC COMBH"]
[PlyCount "114"]
[EventDate "2022.06.05"]
[EventType "swiss"]
[EventRounds "9"]
[EventCountry "GER"]
[SourceTitle "playchess.com"]
[Source "ChessBase"]
[SourceQuality "1"]
[TimeControl "40/4500+30:900+30"]

1. e4 c5 2. Nf3 d6 3. d4 cxd4 4. Nxd4 Nf6 5. f3 a6 6. c4 Nc6 7. Be3 e6 8. Nc3 Be7 9. Qd2 O-O 10. Be2 d5 11. Nxc6 bxc6 12. cxd5 cxd5 13. exd5 Nxd5 14. Nxd5 Qxd5 15. Qxd5 exd5 16. Rd1 Be6 17. b3 Rfb8 18. Kf2 a5 19. Rb1 Ba3 20. Bd3 Rc8 21. Rhd1 Rc6 22. Bd4 g6 23. Rd2 Rac8 24. g4 Kf8 25. Rbd1 Rc1 26. Rxc1 Rxc1 27. Rc2 Rxc2+ 28. Bxc2 Bb4 29. Ke3 Ke7 30. h3 Kd6 31. f4 Be1 32. Ke2 Bb4 33. Ke3 Be1 34. a3 Kc6 35. Bd3 Bh4 36. b4 axb4 37. axb4 Bd8 38. f5 Bc8 39. Bc5 Bg5+ 40. Kf3 Bd2 41. Kg3 Be1+ 42. Kf3 Bd7 43. Be7 Kc7 44. Ke3 Ba4 45. Kd4 Bb3 46. fxg6 fxg6 47. g5 Kd7 48. Bc5 Bd2 49. h4 Be1 50. h5 Bd2 51. hxg6 hxg6 52. Bxg6 Bxg5 53. Bf7 Bf6+ 54. Ke3 d4+ 55. Bxd4 Bxd4+ 56. Kxd4 Bxf7 57. Kc5 Bh5 1/2-1/2

[Event "GER-ch Youth-U14 2022"]
[Site "Willingen"]
[Date "2022.06.11"]
[Round "9.16"]
[White "Braeutigam, Alexander"]
[Black "Chinguun Sundui"]
[Result "1/2-1/2"]
[ECO "D10"]
[WhiteElo "1749"]
[BlackElo "1731"]
[Annotator "NA RC COMBH"]
[PlyCount "61"]
[EventDate "2022.06.05"]
[EventType "swiss"]
[EventRounds "9"]
[EventCountry "GER"]
[SourceTitle "playchess.com"]
[Source "ChessBase"]
[SourceQuality "1"]
[TimeControl "40/4500+30:900+30"]

1. d4 d5 2. c4 c6 3. Nc3 Nf6 4. cxd5 cxd5 5. Nf3 Nc6 6. Bf4 a6 7. e3 e6 8. Be2 Bd6 9. Bxd6 Qxd6 10. a3 b5 11. b4 O-O 12. O-O Ne4 13. Qc2 f5 14. Nd2 Bd7 15. f4 Qe7 16. Nb3 Rfc8 17. Nc5 Nf6 18. Rfb1 Ng4 19. Qd2 Qd6 20. a4 Na7 21. axb5 Nxb5 22. Nxb5 Bxb5 23. Bxb5 axb5 24. h3 Nf6 25. Qb2 Ne4 26. Ra3 g5 27. Rf1 Rxa3 28. Qxa3 Nd2 29. Re1 Ne4 30. Rf1 Nd2 31. Re1 1/2-1/2

[Event "GER-ch Youth-U14 2022"]
[Site "Willingen"]
[Date "2022.06.11"]
[Round "9.17"]
[White "Weyerer, Noah"]
[Black "Vihan, Shourya"]
[Result "1-0"]
[ECO "D00"]
[WhiteElo "1555"]
[BlackElo "1385"]
[Annotator "NA RC COMBH"]
[PlyCount "45"]
[EventDate "2022.06.05"]
[EventType "swiss"]
[EventRounds "9"]
[EventCountry "GER"]
[SourceTitle "playchess.com"]
[Source "ChessBase"]
[SourceQuality "1"]
[TimeControl "40/4500+30:900+30"]

1. d4 d5 2. Bf4 Nf6 3. e3 c5 4. c3 cxd4 5. exd4 Qb6 6. Qb3 Bf5 7. Na3 e6 8. Nb5 Na6 9. Qa4 Nd7 10. Nf3 Qc6 11. Ne5 Nxe5 12. Bxe5 Kd8 13. Qb3 f6 14. Bg3 g5 15. a4 h5 16. h4 g4 17. Be2 Bh7 18. O-O Be7 19. c4 Rf8 20. cxd5 exd5 21. Rac1 Qd7 22. Nxa7 f5 23. Qb6+ 1-0

[Event "GER-ch Youth-U14 2022"]
[Site "Willingen"]
[Date "2022.06.11"]
[Round "9.18"]
[White "Eichhorn, Valentin"]
[Black "Sinka, Silas"]
[Result "0-1"]
[ECO "D05"]
[WhiteElo "1565"]
[BlackElo "1386"]
[Annotator "NA RC COMBH"]
[PlyCount "78"]
[EventDate "2022.06.05"]
[EventType "swiss"]
[EventRounds "9"]
[EventCountry "GER"]
[SourceTitle "playchess.com"]
[Source "ChessBase"]
[SourceQuality "1"]
[TimeControl "40/4500+30:900+30"]

1. d4 d5 2. Nf3 Nf6 3. e3 e6 4. Bd3 Bd6 5. O-O O-O 6. b3 b6 7. Bb2 Bb7 8. Nbd2 Nbd7 9. Ne5 c5 10. f4 Ne4 11. Bxe4 dxe4 12. Qg4 Nf6 13. Qg3 Rc8 14. Ndc4 cxd4 15. Nxd6 Qxd6 16. Nc4 Qe7 17. Ba3 Qd8 18. Bxf8 Kxf8 19. Rad1 d3 20. cxd3 exd3 21. Qe1 Ne4 22. Qb4+ Kg8 23. Nb2 d2 24. Qd4 Qxd4 25. exd4 Ba6 26. Nc4 Bxc4 27. bxc4 Rxc4 28. f5 Rc2 29. Ra1 Nc3 30. fxe6 fxe6 31. h3 Rc1 32. Raxc1 dxc1=Q 33. Rxc1 Ne2+ 34. Kf2 Nxc1 35. Ke3 Nxa2 36. Ke4 Nb4 37. Ke5 Nc6+ 38. Kxe6 Nxd4+ 39. Kd5 Ne2 0-1

[Event "GER-ch Youth-U14 2022"]
[Site "Willingen"]
[Date "2022.06.11"]
[Round "9.19"]
[White "Shapiro, Danil"]
[Black "Goldinov, Daniel"]
[Result "0-1"]
[ECO "B01"]
[WhiteElo "1468"]
[BlackElo "1626"]
[Annotator "NA RC COMBH"]
[PlyCount "97"]
[EventDate "2022.06.05"]
[EventType "swiss"]
[EventRounds "9"]
[EventCountry "GER"]
[SourceTitle "playchess.com"]
[Source "ChessBase"]
[SourceQuality "1"]
[TimeControl "40/4500+30:900+30"]

1. e4 d5 2. exd5 Nf6 3. Nc3 Nxd5 4. Bc4 c6 5. Nf3 Bg4 6. h3 Bh5 7. Nxd5 cxd5 8. Bb5+ Nc6 9. O-O e6 10. d4 Bd6 11. c3 O-O 12. Rb1 a6 13. Bd3 b5 14. g4 Bg6 15. Bxg6 hxg6 16. Bd2 e5 17. dxe5 Nxe5 18. Bf4 Nxf3+ 19. Qxf3 Qf6 20. Qxd5 Qxf4 21. Qg2 Rfe8 22. Rbd1 Rad8 23. Rd4 Qe5 24. Rd5 Qe6 25. Rfd1 Qxd5 26. Qxd5 Bh2+ 27. Kxh2 Rxd5 28. Rxd5 Re2 29. Rd8+ Kh7 30. Ra8 Rxf2+ 31. Kg3 Rxb2 32. Rxa6 Rc2 33. Rc6 Rxa2 34. Rc5 Ra3 35. Rxb5 Rxc3+ 36. Kg2 Re3 37. Rb7 f6 38. Rb8 g5 39. Rf8 Re7 40. Kf3 Kg6 41. Kg3 Rf7 42. Ra8 Kh7 43. h4 gxh4+ 44. Kxh4 Kg6 45. Ra6 Re7 46. Rb6 Re3 47. Rb5 Kh7 48. Rh5+ Kg8 49. Ra5 0-1

[Event "GER-ch Youth-U14 2022"]
[Site "Willingen"]
[Date "2022.06.11"]
[Round "9.20"]
[White "Mainka, Ingmar"]
[Black "Goepfert, Gregor"]
[Result "0-1"]
[ECO "C54"]
[WhiteElo "1427"]
[BlackElo "1446"]
[Annotator "NA RC COMBH"]
[PlyCount "66"]
[EventDate "2022.06.05"]
[EventType "swiss"]
[EventRounds "9"]
[EventCountry "GER"]
[SourceTitle "playchess.com"]
[Source "ChessBase"]
[SourceQuality "1"]
[TimeControl "40/4500+30:900+30"]

1. e4 e5 2. Nf3 Nc6 3. Bc4 Bc5 4. c3 Nf6 5. d3 d6 6. Bb3 a6 7. Nbd2 Ba7 8. Nf1 d5 9. Qe2 O-O 10. Bc2 Re8 11. h3 Be6 12. Ng3 Qd6 13. Nh4 Ne7 14. Bg5 Nd7 15. Nhf5 Bxf5 16. Nxf5 Nxf5 17. exf5 h6 18. Bd2 Nf6 19. O-O-O b5 20. g4 d4 21. cxd4 Bxd4 22. g5 hxg5 23. Bxg5 a5 24. Rhg1 Reb8 25. Bh6 Ne8 26. Qh5 a4 27. Rxg7+ Nxg7 28. Rg1 e4 29. Bxg7 Qf4+ 30. Kd1 Bxg7 31. Rg4 Qe5 32. Qh6 Rb6 33. f6 Qxf6 0-1

[Event "GER-ch Youth-U14 2022"]
[Site "Willingen"]
[Date "2022.06.11"]
[Round "9.21"]
[White "Detjen, Mattes"]
[Black "Miller, Elias"]
[Result "0-1"]
[ECO "C02"]
[WhiteElo "1098"]
[BlackElo "1548"]
[Annotator "NA RC COMBH"]
[PlyCount "97"]
[EventDate "2022.06.05"]
[EventType "swiss"]
[EventRounds "9"]
[EventCountry "GER"]
[SourceTitle "playchess.com"]
[Source "ChessBase"]
[SourceQuality "1"]
[TimeControl "40/4500+30:900+30"]

1. e4 e6 2. d4 d5 3. e5 c5 4. c3 Nc6 5. Nf3 Bd7 6. Be2 Nge7 7. O-O Nf5 8. a3 c4 9. Bg5 f6 10. exf6 gxf6 11. Bf4 Qb6 12. Qc2 O-O-O 13. Nbd2 Na5 14. Rfb1 Nb3 15. Nxb3 Ba4 16. Qd2 Bxb3 17. Bd1 Bd6 18. Bxd6 Rxd6 19. Bxb3 Qxb3 20. a4 Qb6 21. Qc2 Qa5 22. b4 Qc7 23. a5 Qg7 24. Re1 Rg8 25. g3 Qg4 26. Qe2 h5 27. Kh1 Qg6 28. Rg1 Qf7 29. Rae1 Rg4 30. h3 Rg8 31. Qd2 Rd7 32. Qe2 Re7 33. Kg2 Rg7 34. Kf1 Nd6 35. Qe3 Ne4 36. Nd2 Nd6 37. Qf4 Nb5 38. Qe3 Qg6 39. Nf3 Qf5 40. h4 Kd7 41. Rc1 Rg4 42. Nh2 Rg8 43. Qf3 Qg6 44. Qe3 Qe8 45. Qf3 Qf7 46. Kg2 Nd6 47. Rce1 Qg6 48. Re3 Nf5 49. Ng4 0-1

[Event "GER-ch Youth-U14 2022"]
[Site "Willingen"]
[Date "2022.06.11"]
[Round "9.22"]
[White "Linnemann, Caspar"]
[Black "Grundmann, Max"]
[Result "1-0"]
[ECO "B60"]
[WhiteElo "1720"]
[BlackElo "1358"]
[Annotator "NA RC COMBH"]
[PlyCount "87"]
[EventDate "2022.06.05"]
[EventType "swiss"]
[EventRounds "9"]
[EventCountry "GER"]
[SourceTitle "playchess.com"]
[Source "ChessBase"]
[SourceQuality "1"]
[TimeControl "40/4500+30:900+30"]

1. e4 c5 2. Nf3 Nc6 3. d4 cxd4 4. Nxd4 Nf6 5. Nc3 d6 6. Bg5 Qb6 7. Nb3 Ng4 8. Qd2 Be6 9. f3 Nge5 10. Be3 Qc7 11. Nd5 Bxd5 12. exd5 Nb8 13. Be2 g6 14. Bd4 Rg8 15. O-O-O Bg7 16. f4 Nc4 17. Qc3 Bxd4 18. Rxd4 Nd7 19. Rxc4 Qd8 20. Bg4 f5 21. Bf3 Nb6 22. Rd4 Rc8 23. Qd2 Nc4 24. Qe2 Qc7 25. Re1 Rg7 26. Qd3 Na5 27. Kb1 Nxb3 28. axb3 Kf8 29. Rc4 Qd7 30. Rxc8+ Qxc8 31. Qc4 Qc5 32. Qxc5 dxc5 33. Rd1 b6 34. d6 exd6 35. Rxd6 Ke7 36. Rd3 Rf7 37. Kc1 Rf6 38. Kd2 Rd6 39. Rxd6 Kxd6 40. Kc3 h6 41. h4 a6 42. Bb7 a5 43. Kc4 Kc7 44. Bd5 1-0